AoeStats
← decayon

Nomad

510325317Analyzed
4v4 RM · 23h ago on Sep 30, 2026· 32m 18s· 8 players
Game mode
Random Map
Map size
231×231
Population
200
Speed
Normal
Resources
Standard
Victory
Conquest
Starting age
Dark Age
Ending age
Imperial Age
RankedLock teamsTeams togetherTeam positionsShared explorationLock speedFull tech treeHidden civsTurbo modeCheats
Victory
Defeat
🇩🇪 Byzantines · Germany
955
+15
🇭🇷 Huns · Croatia
944
+15
🇺🇸 Japanese · United States
917
+16
🇧🇷 Cumans · Brazil
893
+17
🇬🇧 Britons · United Kingdom
957
-17
🇨🇳 Huns · China
949
-17
🇨🇳 Saxons · China
948
-17
🇨🇳 Magyars · China
827
-12
decayon
8:52 Loom
15:14 Feudal Age
19:15 Castle Age
17:13 Stone Mining
17:34 Fishing Lines
19:00 Forging
18:51 Scale Mail Armor
18:41 Fletching
22:44 Wheelbarrow
21:57 Town Watch
24:42 Iron Casting
24:22 Chain Mail Armor
24:01 Gold Mining
28:59 Squires
28:45 Arson
Caduzera
14:53 Feudal Age
16:19 Double-Bit Axe
17:42 Man-at-Arms
18:41 Horse Collar
24:37 Gold Mining
25:08 Scale Mail Armor
26:17 Forging
31:31 Castle Age
31:45 Capped Ram
31:50 Pikeman
32:20 Arson
Aegon the first of his name
14:37 Feudal Age
19:30 Castle Age
17:34 Horse Collar
18:20 Double-Bit Axe
19:29 Scale Barding Armor
19:35 Forging
21:24 Bloodlines
22:22 Iron Casting
22:02 Gold Mining
23:07 Husbandry
26:10 Wheelbarrow
26:50 Fishing Lines
28:33 Hand Cart
28:44 Bow Saw
28:41 Heavy Plow
29:32 Loom
30:37 Gold Shaft Mining
29:59 Stone Mining
30:46 Pikeman
31:26 Squires
31:31 Scale Mail Armor
31:36 Arson
32:54 Chain Mail Armor
CRi
4:25 Loom
14:28 Feudal Age
21:06 Castle Age
24:49 Double-Bit Axe
25:02 Gold Mining
ISpillTheCoffee
7:11 Loom
19:08 Feudal Age
19:19 Man-at-Arms
28:13 Wheelbarrow
28:01 Town Watch
29:23 Scale Barding Armor
29:28 Forging
信仰之秀
17:49 Feudal Age
19:01 Double-Bit Axe
20:00 Fletching
26:42 Castle Age
LaoWoo
12:33 Loom
14:50 Feudal Age
18:44 Castle Age
17:02 Bloodlines
18:17 Scale Barding Armor
18:23 Forging
18:02 Fishing Lines
18:20 Double-Bit Axe
18:44 Gold Mining
20:45 Chain Barding Armor
21:01 Iron Casting
22:13 Gillnets
28:05 Iron Casting
28:31 Wheelbarrow
27:41 Town Watch
31:49 Gold Shaft Mining
天地银行行长
Connection lost

Rejoining the realm…

Still unreachable

The connection could not be restored.

Session expired

The server has moved on; the page needs a fresh start.